 Dungeon Crawl Stone Soup version 0.30.0-18-gc0e69614cb (webtiles) character file.

Game seed: 17141638387693250203

16 monsoonserge the Grave Robber (level 2, -5/19 HPs)
             Began as a Mummy Necromancer on May 24, 2023.
             Slain by Terence
             ... wielding a +0 flail
              (12 damage)
             ... on level 1 of the Dungeon.
             The game lasted 00:02:09 (545 turns).

monsoonserge the Grave Robber (Mummy Necromancer)    Turns: 545, Time: 00:02:10

Health: -5/19      AC:  3    Str: 11    XL:     2   Next: 37%
Magic:  5/6        EV: 12    Int: 14    God:
Gold:   82         SH:  0    Dex: 12    Spells: 6/7 levels left

rFire   x . .        d - +0 whip
rCold   + . .        (no shield)
rNeg    + + +        a - +0 robe
rPois   ∞            c - +0 helmet
rElec   .            (no cloak)
rCorr   .            (no gloves)
SInv    .            (no boots)
Will    .....        (no amulet)
Stlth   ++           (no ring)
HPRegen 0.23/turn    (no ring)
MPRegen 0.10/turn

%: faith
@: no status effects
A: cold resistance 1, negative energy resistance 3, torment resistance 2, heat
vulnerability 1, no potions, faith
a: no special abilities


You were on level 1 of the Dungeon.
You visited 1 branch of the dungeon, and saw 2 of its levels.

You collected 82 gold pieces.

Inventory:

Hand Weapons
 b - a +0 club
 d - a +0 whip (weapon)
 f - a +0 dagger
Missiles
 g - 4 stones
Armour
 a - a +0 robe (worn)
 c - a +0 helmet (worn)
Jewellery
 e - an amulet of guardian spirit
Scrolls
 h - a scroll of identify {unknown}


   Skills:
 + Level 1.7 Dodging
 + Level 1.5 Stealth
 - Level 3.0 Spellcasting
 + Level 4.4 Necromancy


You had 6 spell levels left.
You knew the following spells:

 Your Spells              Type           Power      Damage    Failure   Level
a - Necrotise             Necr           56%        1d6       3%          1

Your spell library contained the following spells:

 Spells                   Type           Power      Damage    Failure   Level
 Vampiric Draining        Necr           14%        2d7       11%         3
 Animate Dead             Necr           14%        N/A       34%         4
 Agony                    Necr           14%        N/A       67%         5


Dungeon Overview and Level Annotations

Branches:
Dungeon (2/15)

Altars:

Annotations:
D:1 Terence


Innate Abilities, Weirdness & Mutations

You are immune to poison.
Your flesh is cold resistant. (rC+)
You are immune to negative energy. (rN+++)
You are immune to unholy pain and torment.
You are vulnerable to heat. (rF-)
You do not drink.
You have a special connection with the divine. (Faith)


Message History

Things that are here:
a +0 club; a goblin corpse You open the door.
There is an open door here.
h - a scroll labelled NOURHO FYVVAB
There is a stone staircase leading down here.
Done exploring.
There is a stone staircase leading down here.
You climb downwards.
There is a stone staircase leading up here.
Found a purple potion.
Terence shouts!
The endoplasm quivers.
Terence says, "Did you write a will?
You should..."
Terence hits you with a +0 flail.
You hit Terence.
Terence is lightly wounded.
Terence hits you but does no damage. The hobgoblin closely misses you.
The hobgoblin closely misses you. The endoplasm freezes you.
You are frozen.
You resist.
There is a stone staircase leading up here.
The hobgoblin hits you but does no damage.
Terence hits you with a +0 flail! The endoplasm freezes you.
You are frozen.
You resist.
You climb upwards.
There is a stone staircase leading down here.
Casting: Necrotise (safe; 3% risk of failure)
Confirm with . or Enter, or press ? or * to list all spells.
Aiming: Necrotise (safe; 3% risk of failure)
Press: ? - help, Shift-Dir - straight line, f - hobgoblin
Aim: a hobgoblin (chance to affect: 84%)
The hobgoblin writhes in agony.
You kill the hobgoblin!
The dead are walking!
The endoplasm misses you. Terence hits you with a +0 flail!
Ouch! That really hurt!
You die...

####### #......
############......
#@................
#J@..#######......
#Z##.###########..
#.##.##....#####..
#.##.......'......
#.#####....#####..
######.#####....#
#..
#..........#....#
#..
#..........#....#
#..


You could see Terence, an endoplasm (ally target) and a friendly hobgoblin
skeleton.

Vanquished Creatures
  A dart slug (D:1)
  A ball python (D:1)
  2 endoplasms (D:1)
  2 goblins (D:1)
  A hobgoblin (D:1)
  A kobold (D:1)
  A quokka (D:1)
  A frilled lizard (D:1)
  2 rats (D:1)
12 creatures vanquished.

Vanquished Creatures (collateral kills)
  An endoplasm (D:1)
1 creature vanquished.

Grand Total: 13 creatures vanquished

Notes
Turn   | Place    | Note
-------+----------+-------------------------------------------
     0 | D:1      | monsoonserge the Mummy Necromancer began the quest for the
                  | Orb.
     0 | D:1      | Reached XP level 1. HP: 13/13 MP: 4/4
   116 | D:1      | Reached XP level 2. HP: 19/19 MP: 3/6
   537 | D:2      | Noticed Terence
   545 | D:1      | Slain by Terence

Illustrated notes

Levels and vault maps discovered:
D:1:      mrwooster_arrival_statue_2, layout_basic
D:2:      layout_rooms, serial_shops, nicolae_lakefront_shop,
          hangedman_decor_peaks_small, kennysheep_potato, uniq_jessica,
          uniq_terence, uniq_natasha

Skill      XL: |  1 |
---------------+----+-----
Spellcasting   | 3 |  3.0
Dodging        | |  1.7
Stealth        | |  1.5
Necromancy     | |  4.4

Action                     || total
---------------------------++-------
  Melee: Club              ||    11
         Whip              ||     7
   Cast: Necrotise         ||    15
   Stab: Sleeping          ||     2
 Armour: Robe              ||     4
  Dodge: Dodged            ||    14
